| TOP OF THE 1ST |
|
Manchester Fisher Cats batting - Pitching for Waterbury Rough Riders : LHP Ravelo Manzanillo
|
|
Pitching: LHP Ravelo Manzanillo
|
|
|
Batting: RHB Kevin Darst
|
0-0: Ball 1-0: Ball 2-0: Reached via error on a dropped throw from SS, E3 (Groundball, 6, EV 101.3 MPH)
|
|
Batting: LHB Tim Derryberry
|
0-0: Ball 1-0: Called Strike 1-1: Called Strike 1-2: Ball 2-2: Fly out, F8 (Flyball, 78D, EV 91.9 MPH)
|
|
Batting: SHB Stan Javier
|
0-0: Ball Kevin Darst steals 2nd base 1-0: Ball 2-0: Ball 3-0: Base on Balls
|
|
Batting: RHB Tony Stevens
|
0-0: Ball 1-0: Ball 2-0: Called Strike 2-1: Foul Ball, location: 2F 2-2: Ball 3-2: Foul Ball, location: 2F 3-2: Base on Balls Kevin Darst to third Stan Javier to second
|
|
Batting: LHB Jessie Reid
|
0-0: Called Strike 0-1: Ball 1-1: Called Strike 1-2: Ball 2-2: Foul Ball, location: 2F 2-2: Ball 3-2: Fly out, F9 (Flyball, 89S, EV 76.3 MPH)
|
|
Batting: LHB Herbert Orensky
|
0-0: Ball 1-0: Called Strike 1-1: Ball 2-1: Ball 3-1: Reached on error, E6 (Groundball, 6, EV 90.0 MPH) Kevin Darst scores Stan Javier to third Tony Stevens to second
|
|
Batting: RHB Randy Johnson
|
0-0: Ball 1-0: SINGLE (Groundball, 56D, EV 105.6 MPH) Stan Javier scores Tony Stevens to third Herbert Orensky to second Runner from 3rd tries for Home, SAFE, throw by LF to home
|
|
Batting: RHB Reymundo Estevez
|
0-0: Called Strike 0-1: Ball 1-1: Ball 2-1: Ball 3-1: Foul Ball, location: 2F 3-2: Foul Ball, location: 2F 3-2: Foul Ball, location: 2F 3-2: Strikes out swinging
|
| Top of the 1st over - 3 runs, 1 hit, 2 errors, 2 left on base; Manchester 3 - Waterbury 0 |
| BOTTOM OF THE 1ST |
|
Waterbury Rough Riders batting - Pitching for Manchester Fisher Cats : RHP Octavio Avila
|
|
Pitching: RHP Octavio Avila
|
|
|
Batting: RHB David Corman
|
0-0: Ground out 6-3 (Groundball, 6, EV 105.0 MPH)
|
|
Batting: RHB Jack Fimple
|
0-0: Foul Ball, location: 2F 0-1: Ball 1-1: Ball 2-1: Fly out, F8 (Flyball, 89D, EV 80.0 MPH)
|
|
Batting: RHB Billy Beane
|
0-0: Ball 1-0: Ground out 6-3 (Groundball, 6, EV 83.8 MPH)
|
| Bottom of the 1st over - 0 runs, 0 hits, 0 errors, 0 left on base; Manchester 3 - Waterbury 0 |
| TOP OF THE 2ND |
|
Manchester Fisher Cats batting - Pitching for Waterbury Rough Riders : LHP Ravelo Manzanillo
|
|
Batting: SHB Danny Hernandez
|
0-0: Foul Ball, location: 2F 0-1: Called Strike 0-2: Ground out 5-3 (Groundball, 56, EV 109.4 MPH)
|
|
Batting: RHB Kevin Darst
|
0-0: Fly out, F9 (Flyball, 89D, EV 103.1 MPH)
|
|
Batting: LHB Tim Derryberry
|
0-0: SINGLE (Flyball, 8RS, EV 85.0 MPH)
|
|
Batting: SHB Stan Javier
|
0-0: Called Strike 0-1: Ball 1-1: Ball 2-1: Swinging Strike 2-2: Ball 3-2: Foul Ball, location: 2F 3-2: Strikes out swinging
|
| Top of the 2nd over - 0 runs, 1 hit, 0 errors, 1 left on base; Manchester 3 - Waterbury 0 |
| BOTTOM OF THE 2ND |
|
Waterbury Rough Riders batting - Pitching for Manchester Fisher Cats : RHP Octavio Avila
|
|
Batting: RHB john W Russell
|
0-0: Ball 1-0: Called Strike 1-1: Ball 2-1: Swinging Strike 2-2: Ground out 4-3 (Groundball, 4, EV 81.9 MPH)
|
|
Batting: RHB Dave Wilder
|
0-0: Called Strike 0-1: Ball 1-1: Called Strike 1-2: Strikes out looking
|
|
Batting: LHB David Blume
|
0-0: Ball 1-0: Called Strike 1-1: Foul Ball, location: 2F 1-2: Foul Ball, location: 2F 1-2: Foul Ball, location: 2F 1-2: Strikes out swinging
|
| Bottom of the 2nd over - 0 runs, 0 hits, 0 errors, 0 left on base; Manchester 3 - Waterbury 0 |
| TOP OF THE 3RD |
|
Manchester Fisher Cats batting - Pitching for Waterbury Rough Riders : LHP Ravelo Manzanillo
|
|
Batting: RHB Tony Stevens
|
0-0: Called Strike 0-1: SOLO HOME RUN (Flyball, 7LD, EV 86.3 MPH), Distance : 367 ft
|
|
Batting: LHB Jessie Reid
|
0-0: Ball 1-0: Called Strike 1-1: Swinging Strike 1-2: Strikes out swinging
|
|
Batting: LHB Herbert Orensky
|
0-0: Ball 1-0: Called Strike 1-1: Ball 2-1: TRIPLE (Flyball, 8LXD, EV 93.8 MPH)
|
|
Batting: RHB Randy Johnson
|
0-0: DOUBLE (Flyball, 8RD, EV 101.3 MPH) Herbert Orensky scores
|
|
Batting: RHB Reymundo Estevez
|
0-0: Ball 1-0: Foul Ball, location: 2F 1-1: Foul Ball, location: 2F 1-2: Fly out, F9 (Flyball, 89M, EV 87.5 MPH)
|
|
Batting: SHB Danny Hernandez
|
0-0: Foul Ball, location: 2F 0-1: Foul Ball, location: 2F 0-2: Ball 1-2: Strikes out swinging
|
| Top of the 3rd over - 2 runs, 3 hits, 0 errors, 1 left on base; Manchester 5 - Waterbury 0 |
| BOTTOM OF THE 3RD |
|
Waterbury Rough Riders batting - Pitching for Manchester Fisher Cats : RHP Octavio Avila
|
|
Batting: RHB Daniel Purpura
|
0-0: Ball 1-0: Ball 2-0: Ball 3-0: Called Strike 3-1: Base on Balls
|
|
Batting: RHB Jose Quiroz
|
0-0: Ball 1-0: Swinging Strike 1-1: Swinging Strike 1-2: Ball 2-2: Strikes out swinging
|
|
Batting: RHB Joseph Pocoroba
|
0-0: Ball 1-0: SINGLE (Groundball, 6, EV 95.0 MPH) Daniel Purpura to second
|
|
Batting: RHB David Corman
|
0-0: Ball 1-0: Called Strike 1-1: Swinging Strike 1-2: SINGLE (Groundball, 6M, EV 103.8 MPH) (infield hit) Daniel Purpura to third Joseph Pocoroba to second
|
|
Batting: RHB Jack Fimple
|
0-0: Ball 1-0: SINGLE (Groundball, 4M, EV 108.1 MPH) (infield hit) Daniel Purpura scores Joseph Pocoroba to third David Corman to second
|
|
Batting: RHB Billy Beane
|
0-0: Fly out, F5 (Popup, 56S, EV 79.4 MPH)
|
|
Batting: RHB john W Russell
|
0-0: Called Strike 0-1: Ball 1-1: Ball 2-1: Ball 3-1: Base on Balls Joseph Pocoroba scores David Corman to third Jack Fimple to second
|
|
Batting: RHB Dave Wilder
|
0-0: Foul Ball, location: 2F 0-1: Foul Ball, location: 2F 0-2: Ground out 4-3 (Groundball, 4, EV 78.8 MPH)
|
| Bottom of the 3rd over - 2 runs, 3 hits, 0 errors, 3 left on base; Manchester 5 - Waterbury 2 |
| TOP OF THE 4TH |
|
Manchester Fisher Cats batting - Pitching for Waterbury Rough Riders : LHP Ravelo Manzanillo
|
|
Batting: RHB Kevin Darst
|
0-0: Called Strike 0-1: Bunt missed! 0-2: Foul Ball, location: 2F 0-2: Ball 1-2: Ball 2-2: Ball 3-2: Base on Balls
|
|
Batting: LHB Tim Derryberry
|
0-0: Called Strike 0-1: Ball 1-1: Fielders Choice at 2nd, 4-6 (Groundball, 34D, EV 80.6 MPH)
|
|
Batting: SHB Stan Javier
|
0-0: Ball 1-0: Ball 2-0: Foul Ball, location: 2F 2-1: Fly out, F9 (Flyball, 9S, EV 93.8 MPH)
|
|
Batting: RHB Tony Stevens
|
0-0: Ball 1-0: Ball 2-0: Ball 3-0: Called Strike 3-1: Ground out 1-3 (Groundball, 15S, EV 74.4 MPH)
|
| Top of the 4th over - 0 runs, 0 hits, 0 errors, 1 left on base; Manchester 5 - Waterbury 2 |
| BOTTOM OF THE 4TH |
|
Waterbury Rough Riders batting - Pitching for Manchester Fisher Cats : RHP Octavio Avila
|
|
Batting: LHB David Blume
|
0-0: Foul Ball, location: 2F 0-1: Ball 1-1: Ball 2-1: Ground out 6-3 (Groundball, 6, EV 90.6 MPH)
|
|
Batting: RHB Daniel Purpura
|
0-0: Ball 1-0: Ball 2-0: Ball 3-0: Called Strike 3-1: Ground out 4-3 (Groundball, 4D, EV 102.5 MPH)
|
|
Batting: RHB Jose Quiroz
|
0-0: Ball 1-0: Swinging Strike 1-1: Ball 2-1: Fly out, F7 (Flyball, 7LM, EV 95.6 MPH)
|
| Bottom of the 4th over - 0 runs, 0 hits, 0 errors, 0 left on base; Manchester 5 - Waterbury 2 |
| TOP OF THE 5TH |
|
Manchester Fisher Cats batting - Pitching for Waterbury Rough Riders : LHP Ravelo Manzanillo
|
|
Batting: LHB Jessie Reid
|
0-0: Called Strike 0-1: Foul Ball, location: 2F 0-2: Foul Ball, location: 2F 0-2: Ground out 6-3 (Groundball, 6S, EV 61.9 MPH)
|
|
Batting: LHB Herbert Orensky
|
0-0: Ball 1-0: Called Strike 1-1: Ball 2-1: Called Strike 2-2: Ball 3-2: Foul Ball, location: 2F 3-2: Fly out, F9 (Flyball, 89XD, EV 98.8 MPH)
|
|
Batting: RHB Randy Johnson
|
0-0: Ball 1-0: Foul Ball, location: 2F 1-1: Ball 2-1: Called Strike 2-2: Ground out 4-3 (Groundball, 4, EV 80.0 MPH)
|
| Top of the 5th over - 0 runs, 0 hits, 0 errors, 0 left on base; Manchester 5 - Waterbury 2 |
| BOTTOM OF THE 5TH |
|
Waterbury Rough Riders batting - Pitching for Manchester Fisher Cats : RHP Octavio Avila
|
|
Batting: RHB Joseph Pocoroba
|
0-0: Swinging Strike 0-1: Swinging Strike 0-2: Ball 1-2: Strikes out swinging
|
|
Batting: RHB David Corman
|
0-0: Ball 1-0: Ball 2-0: Foul Ball, location: 2F 2-1: Ground out 5-3 (Groundball, 56S, EV 69.4 MPH)
|
|
Batting: RHB Jack Fimple
|
0-0: Ball 1-0: Ball 2-0: Ball 3-0: Base on Balls
|
|
Batting: RHB Billy Beane
|
0-0: Ball 1-0: Ground out 4-3 (Groundball, 4S, EV 83.8 MPH)
|
| Bottom of the 5th over - 0 runs, 0 hits, 0 errors, 1 left on base; Manchester 5 - Waterbury 2 |
| TOP OF THE 6TH |
|
Manchester Fisher Cats batting - Pitching for Waterbury Rough Riders : LHP Ravelo Manzanillo
|
|
Batting: RHB Reymundo Estevez
|
0-0: Called Strike 0-1: Ball 1-1: Fly out, F9 (Flyball, 89M, EV 91.3 MPH)
|
|
Batting: SHB Danny Hernandez
|
0-0: Ground out 6-3 (Groundball, 6M, EV 87.5 MPH)
|
|
Batting: RHB Kevin Darst
|
0-0: Called Strike 0-1: Ground out 4-3 (Groundball, 4, EV 80.0 MPH)
|
| Top of the 6th over - 0 runs, 0 hits, 0 errors, 0 left on base; Manchester 5 - Waterbury 2 |
| BOTTOM OF THE 6TH |
|
Waterbury Rough Riders batting - Pitching for Manchester Fisher Cats : RHP Octavio Avila
|
|
Batting: RHB john W Russell
|
0-0: Ball 1-0: Ball 2-0: Swinging Strike 2-1: Ground out 6-3 (Groundball, 6, EV 84.4 MPH)
|
|
Batting: RHB Dave Wilder
|
0-0: Ground out U3 (Groundball, 13, EV 92.5 MPH)
|
|
Batting: LHB David Blume
|
0-0: Ball 1-0: Ball 2-0: Ball 3-0: Base on Balls
|
|
Batting: RHB Daniel Purpura
|
0-0: Called Strike 0-1: Ball Wild Pitch! David Blume to second 1-1: Swinging Strike 1-2: Fly out, F8 (Flyball, 78M, EV 73.1 MPH)
|
| Bottom of the 6th over - 0 runs, 0 hits, 0 errors, 1 left on base; Manchester 5 - Waterbury 2 |
| TOP OF THE 7TH |
|
Manchester Fisher Cats batting - Pitching for Waterbury Rough Riders : LHP Ravelo Manzanillo
|
|
Batting: LHB Tim Derryberry
|
0-0: Called Strike 0-1: Ball 1-1: Foul Ball, location: 2F 1-2: SINGLE (Flyball, 34D, EV 87.5 MPH)
|
|
Batting: SHB Stan Javier
|
0-0: Ball 1-0: Ball 2-0: Called Strike 2-1: Foul Ball, location: 2F 2-2: Ball 3-2: Base on Balls Tim Derryberry to second
|
|
Batting: RHB Tony Stevens
|
0-0: TRIPLE (Flyball, 89XD, EV 95.0 MPH) Tim Derryberry scores Stan Javier scores
|
|
Pitching: RHP Harold Jackson
|
|
|
Batting: LHB Jessie Reid
|
0-0: Ball 1-0: Called Strike 1-1: Called Strike 1-2: Fly out, F9 (Flyball, 9, EV 96.3 MPH) Runner from 3rd tags up, SCORES, throw by RF
|
|
Batting: LHB Herbert Orensky
|
0-0: Ball 1-0: Ball 2-0: Ball 3-0: Base on Balls
|
|
Batting: RHB Randy Johnson
|
0-0: Foul Ball, location: 2F 0-1: Ball 1-1: Ball 2-1: Foul Ball, location: 2F 2-2: Foul Ball, location: 2F 2-2: Ground out 6-3 (Groundball, 4MS, EV 91.3 MPH) Herbert Orensky to second
|
|
Batting: RHB Reymundo Estevez
|
0-0: Called Strike 0-1: Swinging Strike 0-2: Ball 1-2: Ball 2-2: Ball 3-2: Foul Ball, location: 2F 3-2: Fly out, F8 (Line Drive, 8LM, EV 100.0 MPH)
|
| Top of the 7th over - 3 runs, 2 hits, 0 errors, 1 left on base; Manchester 8 - Waterbury 2 |
| BOTTOM OF THE 7TH |
|
Waterbury Rough Riders batting - Pitching for Manchester Fisher Cats : RHP Octavio Avila
|
|
Batting: RHB Jose Quiroz
|
0-0: Foul Ball, location: 2F 0-1: Ball 1-1: Called Strike 1-2: Ball 2-2: Ball 3-2: Ground out 1-3 (Groundball, 34S, EV 66.9 MPH)
|
|
Batting: RHB Joseph Pocoroba
|
0-0: Foul Ball, location: 2F 0-1: Foul Ball, location: 2F 0-2: Ground out 6-3 (Groundball, 6, EV 75.6 MPH)
|
|
Batting: RHB David Corman
|
0-0: Ball 1-0: Ball 2-0: Called Strike 2-1: Foul Ball, location: 2F 2-2: SOLO HOME RUN (Flyball, 7D, EV 108.1 MPH), Distance : 387 ft
|
|
Batting: RHB Jack Fimple
|
0-0: Called Strike 0-1: Swinging Strike 0-2: SOLO HOME RUN (Flyball, 9D, EV 90.6 MPH), Distance : 389 ft
|
|
Batting: RHB Billy Beane
|
0-0: Called Strike 0-1: Ball 1-1: Ball 2-1: Ground out 6-3 (Groundball, 6, EV 84.4 MPH)
|
| Bottom of the 7th over - 2 runs, 2 hits, 0 errors, 0 left on base; Manchester 8 - Waterbury 4 |
| TOP OF THE 8TH |
|
Manchester Fisher Cats batting - Pitching for Waterbury Rough Riders : RHP Harold Jackson
|
|
Batting: SHB Danny Hernandez
|
0-0: Ball 1-0: Ball 2-0: Ball 3-0: Base on Balls
|
|
Batting: RHB Kevin Darst
|
0-0: Ball 1-0: Ball 2-0: Ball 3-0: Called Strike 3-1: Swinging Strike 3-2: Fly out, F9 (Line Drive, 9, EV 90.0 MPH)
|
|
Batting: LHB Tim Derryberry
|
0-0: Called Strike 0-1: Foul Ball, location: 2F 0-2: Ball 1-2: Ball Danny Hernandez steals 2nd base (no throw) 2-2: Strikes out swinging
|
|
Batting: SHB Stan Javier
|
0-0: Ground out 4-3 (Groundball, 4, EV 95.0 MPH)
|
| Top of the 8th over - 0 runs, 0 hits, 0 errors, 1 left on base; Manchester 8 - Waterbury 4 |
| BOTTOM OF THE 8TH |
|
Waterbury Rough Riders batting - Pitching for Manchester Fisher Cats : RHP Octavio Avila
|
|
Pitching: RHP Stephen Marsden
|
|
|
Batting: RHB john W Russell
|
0-0: SINGLE (Groundball, 3D, EV 99.4 MPH)
|
|
Batting: RHB Dave Wilder
|
0-0: Called Strike 0-1: Called Strike 0-2: Ball 1-2: Ball 2-2: Foul Ball, location: 2F 2-2: Ball 3-2: Base on Balls john W Russell to second
|
|
Batting: LHB David Blume
|
0-0: Ball 1-0: Foul Ball, location: 2F 1-1: Called Strike 1-2: Strikes out swinging
|
|
Batting: RHB Daniel Purpura
|
0-0: Ball 1-0: Foul Ball, location: 2F 1-1: Ball 2-1: Ball 3-1: Base on Balls john W Russell to third Dave Wilder to second
|
|
Batting: RHB Jose Quiroz
|
0-0: Called Strike 0-1: Ball 1-1: Ball 2-1: Called Strike 2-2: Foul Ball, location: 2F 2-2: Fly out, F9 (Flyball, 89S, EV 98.1 MPH)
|
|
Batting: RHB Joseph Pocoroba
|
0-0: Ball 1-0: Ball 2-0: Called Strike 2-1: Foul Ball, location: 2F 2-2: SINGLE (Groundball, 56D, EV 104.4 MPH) john W Russell scores Dave Wilder to third Daniel Purpura to second Runner from 3rd tries for Home, SAFE, throw by LF to home
|
|
Batting: RHB David Corman
|
0-0: Called Strike 0-1: Called Strike 0-2: Ball 1-2: Ball 2-2: Ball 3-2: Foul Ball, location: 2F 3-2: Base on Balls Daniel Purpura to third Joseph Pocoroba to second
|
|
Batting: RHB Jack Fimple
|
0-0: Ball 1-0: Called Strike 1-1: Called Strike 1-2: GRAND SLAM HOME RUN (Flyball, 7D, EV 99.4 MPH), Distance : 378 ft
|
|
Pitching: RHP Chris Davis
|
|
|
Batting: RHB Billy Beane
|
0-0: Foul Ball, location: 2F 0-1: Ball 1-1: Swinging Strike 1-2: Fly out, F9 (Line Drive, 9D, EV 106.3 MPH)
|
| Bottom of the 8th over - 6 runs, 3 hits, 0 errors, 0 left on base; Manchester 8 - Waterbury 10 |
| TOP OF THE 9TH |
|
Manchester Fisher Cats batting - Pitching for Waterbury Rough Riders : RHP Harold Jackson
|
|
Pitching: RHP John Maxson
|
|
|
Batting: RHB Tony Stevens
|
0-0: Called Strike 0-1: Fly out, F8 (Flyball, 8RS, EV 90.0 MPH)
|
|
Batting: LHB Jessie Reid
|
0-0: Called Strike 0-1: Foul Ball, location: 2F 0-2: Fly out, F8 (Line Drive, 8LD, EV 95.6 MPH)
|
|
Batting: LHB Herbert Orensky
|
0-0: Swinging Strike 0-1: Ball 1-1: Foul Ball, location: 2F 1-2: Foul Ball, location: 2F 1-2: Ball 2-2: Foul Ball, location: 2F 2-2: Ball 3-2: Ground out 5-3 (Groundball, 56, EV 85.6 MPH)
|
| Top of the 9th over - 0 runs, 0 hits, 0 errors, 0 left on base; Manchester 8 - Waterbury 10 |
|